 Dungeon Crawl Stone Soup version 0.32-a0-953-g508020473e (webtiles) character file.

Game seed: 1038982884926981706

618 ragingrage the Ruffian (level 7, -2/55 HPs)
             Began as a Ghoul Warper on Apr 16, 2024.
             Slain by an ogre
             ... wielding a +0 giant club
              (17 damage)
             ... on level 5 of the Dungeon.
             The game lasted 00:03:47 (3837 turns).

ragingrage the Ruffian (Ghoul Warper)               Turns: 3837, Time: 00:03:48

Health: -2/55      AC:  9    Str: 17    XL:     7   Next: 45%
Magic:  9/9        EV:  9    Int: 12    God:
Gold:   158        SH:  0    Dex:  8    Spells: 4/9 levels left

rFire   . .          .
                       - Unarmed
rCold   + + .        (no shield)
rNeg    + + +        o - +3 ring mail
rPois   ∞            (no helmet)
rElec   .            h - +0 cloak
rCorr   .            (no gloves)
SInv    .            (no boots)
Will    .....        (no amulet) Stlth
                     m - ring of protection from cold
HPRegen 0.00/turn    (no ring)
MPRegen 0.11/turn

%: no passive effects
@: inhibited regen
A: claws 1, cold resistance 1, negative energy resistance 3, inhibited
regeneration, torment resistance 2, devour on kill
a: no special abilities


You were on level 5 of the Dungeon.
You visited 1 branch of the dungeon, and saw 5 of its levels.
You also visited: Sewer.

You collected 284 gold pieces.
You spent 126 gold pieces at shops.

Inventory:

Missiles
 c - 4 darts of dispersal
 f - a poisoned dart (quivered)
Armour
 h - a +0 cloak (worn)
 o - a +3 ring mail (worn)
 t - a +0 pair of gloves
Jewellery
 m - a ring of protection from cold (left claw)
 s - a ring of fire
Scrolls
 a - 2 scrolls of poison
 b - 3 scrolls of blinking
 g - 4 scrolls of identify {unknown}
 i - a scroll of amnesia {unknown}
 j - 2 scrolls of teleportation {unknown}
 l - a scroll of brand weapon {unknown}
 p - a scroll of acquirement {unknown}
 r - a scroll of butterflies {unknown}
 u - a scroll of fog {unknown}
Potions
 d - a potion of curing {unknown}
 e - 3 potions of haste {unknown}
 k - 2 potions of heal wounds {unknown}
 n - 2 potions of enlightenment {unknown}
 q - a potion of might {unknown}


   Skills:
 - Level 2.1 Fighting
 - Level 0.8 Throwing
 - Level 0.8 Armour
 - Level 1.7 Dodging
 + Level 7.3 Unarmed Combat
 - Level 1.7 Spellcasting
 + Level 4.9 Translocations


You had 4 spell levels left.
You knew the following spells:

 Your Spells              Type           Power      Damage    Failure   Level
a - Blink                 Tloc           24%        N/A       11%         2
b - Maxwell's Portable P  Tloc           12%        2d(6-17)  21%         3

Your spell library contained the following spells:

 Spells                   Type           Power      Damage    Failure   Level
 Lesser Beckoning         Tloc           24%        N/A       11%         2
 Teleport Other           Tloc           12%        N/A       21%         3
 Vhi's Electric Charge    Tloc/Air       14%        N/A       88%         4


Dungeon Overview and Level Annotations

Branches:
Dungeon (5/15)              Sewer (visited)
 Temple: D:4-7

Altars:

Shops:
D:1 ?   D:4 [


Innate Abilities, Weirdness & Mutations

You are immune to poison.
You have sharp fingernails.
Your flesh is cold resistant. (rC+)
You are immune to negative energy. (rN+++)
You do not regenerate when monsters are visible.
You are immune to unholy pain and torment.
You thrive by killing the living.


Message History

The centaur kicks you but does no damage.
You scratch the centaur. The centaur hits you. The centaur kicks you.
You claw the centaur!
You kill the centaur!
You feel better.
You see here a +0 shortbow.
You start resting.
You open the door.
There is an open door here.
Found an escape hatch in the ceiling.
You open the door.
There is an open door here.
As you open the door, it creaks loudly!
There is an open door here.
You see here a ring of poison resistance.
You now have 158 gold pieces (gained 11).
An ogre comes into view. It is wielding a +0 giant club.
The ogre shouts!
Throw: 3 darts (poison)
Press: ? - help, Q - select action, (/) - cycle Shift-Dir - straight line, f - ogre
Aim: an ogre, wielding a +0 giant club (69% to hit)
You throw a poisoned dart.
The poisoned dart barely misses the ogre.
Throw: 2 darts (poison)
Press: ? - help, Q - select action, (/) - cycle Shift-Dir - straight line, f/p - ogre
Aim: an ogre, wielding a +0 giant club (69% to hit)
You throw a poisoned dart. The poisoned dart hits the ogre.
The ogre is poisoned.
You barely miss the ogre. You completely miss the ogre.
The ogre closely misses you.
You closely miss the ogre. The ogre hits you with a +0 giant club!
You completely miss the ogre. You scratch the ogre. The ogre barely misses you.
You barely miss the ogre. You claw the ogre!
The ogre hits you with a +0 giant club!
You scratch the ogre but do no damage.
The ogre looks more healthy.
You claw the ogre! The ogre hits you with a +0 giant club!
* * * LOW HITPOINT WARNING * * *
You barely miss the ogre. The ogre hits you with a +0 giant club!
You die...

##### #...######
#........#
#........#
#........#
#=..##...#
#...##...#
#......@.#
#......O.#
.........#......(.#
........##...##.(.#
........##...##...#
.............##...#
..............#...#
...(......%...#...#
........##...## ..#


You could see an ogre.

Vanquished Creatures
  Pargi (Sewer)
  A centaur (D:5)
  A brain worm (Sewer)
  A sleepcap (D:4)
  A hound (D:4)
  Natasha (thrice) (D:4)
  2 orc wizards (D:5)
  9 adders
  2 river rats (D:4)
  2 dart slugs (D:1)
  12 orcs
  12 ball pythons
  6 bats
  3 endoplasms (D:1)
  3 giant cockroaches
  4 goblins
  3 hobgoblins
  3 jackals (D:1)
  2 kobolds
  5 quokkas
  4 frilled lizards
  9 rats
89 creatures vanquished.

Notes
Turn   | Place    | Note
-------+----------+-------------------------------------------
     0 | D:1      | ragingrage the Ghoul Warper began the quest for the Orb.
     0 | D:1      | Reached XP level 1. HP: 17/17 MP: 3/3
    56 | D:1      | Reached XP level 2. HP: 18/24 MP: 4/4
   128 | D:1      | Reached skill level 3 in Unarmed Combat
   382 | D:1      | Reached XP level 3. HP: 29/29 MP: 5/5
   523 | D:1      | Found Xuedaut's Magic Scroll Emporium.
   542 | D:1      | Bought a scroll of poison for 44 gold pieces
   744 | D:1      | Reached skill level 4 in Unarmed Combat
  1134 | D:2      | Reached XP level 4. HP: 36/36 MP: 6/6
  1402 | D:1      | Bought a scroll of blinking for 82 gold pieces
  1455 | D:2      | Reached skill level 5 in Unarmed Combat
  1753 | D:2      | Learned a level 2 spell: Blink
  1757 | D:2      | Learned a level 3 spell: Maxwell's Portable Piledriver
  2164 | D:4      | Reached XP level 5. HP: 41/41 MP: 7/7
  2333 | D:4      | Found Ymitad's Antique Armour Emporium.
  2391 | D:4      | Found a glowing drain.
  2402 | Sewer    | Entered a sewer
  2422 | Sewer    | Reached skill level 6 in Unarmed Combat
  2422 | Sewer    | Reached XP level 6. HP: 11/48 MP: 6/8
  2569 | Sewer    | Noticed Pargi
  2604 | Sewer    | Killed Pargi
  2970 | D:4      | Noticed Natasha
  2995 | D:4      | Killed Natasha
  3095 | D:4      | Noticed Natasha
  3116 | D:5      | Entered Level 5 of the Dungeon
  3125 | D:5      | Reached XP level 7. HP: 46/55 MP: 9/9
  3175 | D:4      | Killed Natasha
  3495 | D:4      | Noticed Natasha
  3502 | D:4      | Killed Natasha
  3503 | D:4      | Reached skill level 7 in Unarmed Combat
  3837 | D:5      | Slain by an ogre

Illustrated notes

Levels and vault maps discovered:
D:1:      dpeg_arrival_subterranean_lakeside_camping, layout_rooms,
          serial_co_window_serial, co_window_of_opportunity_a,
          co_window_paths_b, co_window_corner_a, co_window_paths_a,
          co_window_paths_a, co_window_corner_b, co_window_corner_ca,
          co_window_unsneaky_path_c, co_window_paths_c,
          co_window_unsneaky_path_c, serial_shops, shop
D:2:      wander_river, layout_loops_ring, mrwooster_statue_mirror,
          minmay_misc_feat_rugged
D:3:      layout_loops_cross, zin_scriptorium, uniq_terence
D:4:      layout_basic, portal_sewer_entry_e, serial_shops, shop, uniq_natasha
D:5:      layout_gridville, lemuel_mausoleum_altar_kikubaaqudgha, serial_shops,
          nicolae_shop_hallway_plus, shop, shop, dk_noncrumbling_4

Skill      XL: |  1  2  3  4  5  6  7 |
---------------+----------------------+-----
Unarmed Combat | 3 4 5 6 7 |  7.3
Translocations | 3 4 |  4.9
Fighting       | |  2.1
Throwing       | |  0.8
Armour         | |  0.8
Dodging        | |  1.7
Spellcasting   | |  1.7

Action                     |  1- 3 |  4- 6 |  7- 9 || total
---------------------------+-------+-------+-------++-------
  Melee: Unarmed           |   104 |   185 |    40 ||   329
         Punch             |     4 |     3 |     1 ||     8
  Throw: Dart              |       |     6 |     2 ||     8
 Armour: Leather armour    |    49 |       |       ||    49
         Ring mail         |    37 |   178 |    30 ||   245
  Dodge: Dodged            |    52 |   103 |    10 ||   165

Table legend: (Time is in decaauts)
 A = Elapsed time spent in this place.
 B = Non-inter-level travel time spent in this place.
 C = Inter-level travel time spent in this place.
 D = Time resting spent in this place.
 E = Time spent auto-exploring this place.
 F = Levels seen in this place.
 G = Mean time per level.
                   A        B        C        D        E       F      G
               +--------+--------+--------+--------+--------+-----+--------+
         Total |   3873 |   3742 |    131 |    561 |   2265 |   6 |  645.5 |
       Dungeon |   3412 |   3281 |    131 |    340 |   2140 |   5 |  682.4 |
         Sewer |    461 |    461 |      0 |    221 |    125 |   1 |  461.0 |
               +--------+--------+--------+--------+--------+-----+--------+

Top non-repeatable levels by time:
     D:4: 990 daAuts
     D:1: 954 daAuts
     D:2: 859 daAuts
   Sewer: 461 daAuts
     D:3: 330 daAuts
     D:5: 278 daAuts
